 Dungeon Crawl Stone Soup version 0.32-a0-350-g4f4d228 (webtiles) character file.

Game seed: 13759412490777876785

3773728 jagoly the Barachian Aeon (level 27, 231/231 HPs)
             Began as a Barachi Ice Elementalist on Feb 17, 2024.
             Was the Champion of Cheibriados.
             Escaped with the Orb
             ... and 5 runes!
             The game lasted 04:47:14 (55212 turns).

jagoly the Barachian Aeon (BaIE)                   Turns: 55212, Time: 04:47:15

Health: 231/231    AC: 34    Str: 31    XL:     27
Magic:  50/50      EV: 33    Int: 39    God:    Cheibriados [******]
Gold:   5028       SH:  0    Dex: 36    Spells: 17/34 levels left

rFire   + + .        a - +9 triple crossbow (freeze)
rCold   + . .        (shield currently unavailable)
rNeg    + . .        Q - +8 fire dragon scales
rPois   .            y - +3 hat of Pondering {ponderous, Will+ MP+10 Int+5}
rElec   +            j - scarf {repulsion}
rCorr   .            u - +2 pair of gloves of Jifyh {rC+ Str+4}
SInv    .            D - +2 pair of boots {Stlth+}
Will    ++++.        N - amulet of Voamyate {Acrobat Harm ^Drain rElec Regen+ Dex+3}
Stlth   ++           Y - ring "Kyqamos" {Fly rC+ rN+ Str-5 Int+2}
HPRegen 2.18/turn    z - ring "Mowamew" {Will+ Slay+2}
MPRegen 0.32/turn

%: harm (+30% outgoing, +20% incoming), repel missiles, acrobat
@: flying, studying 2 skills, very slow
A: amphibious, slowness 1, strong legs 2, +LOS, clumsy 1, regeneration 1, strong
1, persistent drain
0: Orb of Zot
}: 5/15 runes: decaying, slimy, silver, abyssal, gossamer
a: Hop, Renounce Religion, Bend Time, Temporal Distortion, Slouch, Step From
Time


You escaped.
You worshipped Cheibriados.
Cheibriados was exalted by your worship.
You visited 12 branches of the dungeon, and saw 56 of its levels.
You visited the Abyss 2 times.
You visited 1 bazaar.
You visited 1 ziggurat, and saw 6 of its levels.
You also visited: Gauntlet and Ice Cave.

You collected 9585 gold pieces.
You spent 4557 gold pieces at shops.

Inventory:

Hand Weapons
 a - a +9 triple crossbow of freezing (weapon)
 b - the +6 arbalest "Damnation" {damnation}
   (You found it on level 3 of the Elven Halls)
Missiles
 l - 5 throwing nets
 S - 5 curare-tipped darts
Armour
 j - a scarf of repulsion (worn)
 u - the +2 pair of gloves of Jifyh (worn) {rC+ Str+4}
   (You bought it in a shop in a bazaar)

   Str+4:     It affects your strength (+4).
   rC+:       It protects you from cold.
 y - the +3 hat of Pondering (worn) {ponderous, Will+ MP+10 Int+5}
   (You bought it in a shop on level 10 of the Dungeon)

   Int+5:     It affects your intelligence (+5).
   Will+:     It increases your willpower.
   MP+10:     It affects your magic capacity (+10).
 D - a +2 pair of boots of stealth (worn)
 E - a +1 cloak of preservation
 Q - +8 fire dragon scales (worn)
Jewellery
 c - a ring of resist corrosion
 s - a ring of poison resistance
 z - the ring "Mowamew" (right hand) {Will+ Slay+2}
   (You acquired it on level 3 of the Dungeon)

   [ring of willpower]

   Slay+2:    It affects your accuracy & damage with ranged weapons and melee
   (+2).
   Will+:     It increases your willpower.
 N - the amulet of Voamyate (around neck) {Acrobat Harm ^Drain rElec Regen+ Dex+3}
   (You acquired it on level 4 of the Vaults)

   [amulet of the acrobat]

   Acrobat:   It increases your evasion while moving and waiting.
   Dex+3:     It affects your dexterity (+3).
   rElec:     It insulates you from electricity.
   Regen+:    It increases your rate of health regeneration.
   ^Drain:    It drains your maximum health when unequipped.
   Harm:      It increases damage dealt and taken.
 Y - the ring "Kyqamos" (left hand) {Fly rC+ rN+ Str-5 Int+2}
   (You acquired it on level 2 of the Depths)

   [ring of flight]

   Str-5:     It affects your strength (-5).
   Int+2:     It affects your intelligence (+2).
   rC+:       It protects you from cold.
   rN+:       It protects you from negative energy.
   Fly:       It grants you flight.
Wands
 d - a wand of roots (66)
 g - a wand of digging (26)
 h - a wand of acid (27)
 m - a wand of paralysis (51)
Scrolls
 e - 2 scrolls of enchant armour
 n - 18 scrolls of teleportation
 p - 2 scrolls of summoning
 q - 2 scrolls of amnesia
 w - 10 scrolls of blinking
 C - 13 scrolls of poison
 F - a scroll of enchant weapon
 G - 10 scrolls of fear
 I - 5 scrolls of immolation
 P - 10 scrolls of vulnerability
 T - 9 scrolls of fog
 Z - 2 scrolls of silence
Potions
 f - 7 potions of lignification
 i - 30 potions of curing
 k - 10 potions of heal wounds
 r - 6 potions of magic
 x - 6 potions of ambrosia
 A - 11 potions of attraction
 B - 7 potions of might
 L - 6 potions of resistance
 M - 7 potions of invisibility
 U - 12 potions of brilliance
 V - 11 potions of enlightenment
 W - 9 potions of mutation
Miscellaneous
 t - a phial of floods
 v - a lightning rod (4/4)
 H - a condenser vane
 J - a phantom mirror
 X - a box of beasts


   Skills:
 - Level 22.0 Fighting
 - Level 26.0 Ranged Weapons
 - Level 20.0 Armour
 - Level 18.0 Dodging
 - Level 12.0 Stealth
 - Level 4.0 Spellcasting
 - Level 6.0 Conjurations
 - Level 6.0 Hexes
 - Level 10.0 Translocations
 - Level 8.0 Ice Magic
 + Level 26.7 Invocations
 - Level 12.0 Evocations


You had 17 spell levels left.
You knew the following spells:

 Your Spells              Type           Power      Damage    Failure   Level
a - Dimensional Bullseye  Hex/Tloc       31%        N/A       2%          4
q - Apportation           Tloc           100%       N/A       1%          1
t - Frozen Ramparts       Ice            100%       1d16      1%          3
A - Ozocubu's Armour      Ice            63%        N/A       1%          3
B - Blink                 Tloc           100%       N/A       1%          2
X - Iskenderun's Mystic   Conj/Tloc      63%        2d13      2%          4

Your spell library contained the following spells:

 Spells                   Type           Power      Damage    Failure   Level
 Foxfire                  Conj/Fire      100%       2x1d9     1%          1
 Freeze                   Ice            100%       1d10      1%          1
 Kiss of Death            Conj/Necr      100%       2d13      1%          1
 Magic Dart               Conj           100%       1d8       1%          1
 Shock                    Conj/Air       100%       1d9       1%          1
 Slow                     Hex            100%       N/A       1%          1
 Sting                    Conj/Alch      100%       1d9       1%          1
 Jinxbite                 Hex            100%       N/A       1%          2
 Lesser Beckoning         Tloc           100%       N/A       1%          2
 Momentum Strike          Conj/Tloc      100%       3d10      1%          2
 Confusing Touch          Hex            53%        N/A       1%          3
 Dazzling Flash           Conj/Hex       100%       N/A       1%          3
 Hailstorm                Conj/Ice       58%        3d11      1%          3
 Sigil of Binding         Hex            53%        N/A       1%          3
 Tukima's Dance           Hex            53%        N/A       1%          3
 Manifold Assault         Tloc           72%        N/A       1%          4
 Passage of Golubria      Tloc           72%        N/A       1%          4
 Static Discharge         Conj/Air       62%        3-6/arc   2%          2
 Volatile Blastmotes      Fire/Tloc      92%        2d17      2%          3
 Summon Ice Beast         Ice/Summ       39%        N/A       3%          3
 Inner Flame              Hex/Fire       31%        N/A       4%          3
 Cause Fear               Hex            26%        N/A       4%          4
 Necrotise                Necr           28%        1d5       6%          1
 Sandblast                Erth           14%        2d6       6%          1
 Summon Small Mammal      Summ           28%        N/A       6%          1
 Mephitic Cloud           Conj/Alch/Air  23%        N/A       8%          3
 Vhi's Electric Charge    Tloc/Air       92%        N/A       8%          4
 Call Imp                 Summ           14%        N/A       9%          2
 Cigotuvi's Dreadful Rot  Necr/Alch/Air  14%        N/A       9%          2
 Mercury Vapours          Alch/Air       14%        N/A       9%          2
 Sublimation of Blood     Necr           7%         N/A       9%          2
 Iskenderun's Battlesphe  Conj           53%        2d10      14%         5
 Call Canine Familiar     Summ           7%         N/A       17%         3
 Fugue of the Fallen      Necr           7%         N/A       17%         3
 Passwall                 Erth           7%         N/A       17%         3
 Swiftness                Air            7%         N/A       17%         3
 Vampiric Draining        Necr           7%         2d6       17%         3
 Anguish                  Hex/Necr       15%        N/A       17%         4
 Brom's Barrelling Bould  Conj/Erth      31%        2d5       17%         4
 Flame Wave               Conj/Fire      31%        2d9       17%         4
 Fulminant Prism          Conj/Alch      15%        3d10      17%         4
 Summon Forest            Summ/Tloc      23%        N/A       21%         5
 Freezing Cloud           Conj/Ice/Air   22%        6-21      24%         5
 Arcjolt                  Conj/Air       15%        1d25      43%         5
 Fireball                 Conj/Fire      15%        3d8       43%         5
 Irradiate                Conj/Alch      15%        3d16      43%         5
 Silence                  Hex/Air        15%        N/A       43%         5
 Summon Mana Viper        Hex/Summ       31%        N/A       43%         5
 Airstrike                Air            3%         2d(1-17)  50%         4
 Animate Dead             Necr           7%         N/A       50%         4
 Dispel Undead            Necr           7%         3d8       50%         4
 Ignite Poison            Fire/Alch      7%         N/A       50%         4
 Leda's Liquefaction      Alch/Erth      3%         N/A       50%         4
 Martyr's Knell           Necr/Summ      7%         N/A       50%         4
 Olgreb's Toxic Radiance  Alch           7%         N/A       50%         4
 Sticky Flame             Fire/Alch      7%         2d4       50%         4
 Summon Blazeheart Golem  Fire/Summ      7%         N/A       50%         4
 Summon Lightning Spire   Summ/Air       7%         N/A       50%         4
 Alistair's Intoxication  Alch           4%         N/A       85%         5
 Borgnjor's Vile Clutch   Necr/Erth      3%         N/A       85%         5
 Curse of Agony           Necr           7%         N/A       85%         5
 Sculpt Simulacrum        Ice/Alch       19%        N/A       86%         6
 Ozocubu's Refrigeration  Ice            31%        4d14      88%         7
 Conjure Ball Lightning   Conj/Air       15%        3x3d6     95%         6
 Starburst                Conj/Fire      15%        6d6       95%         6
 Enfeeble                 Hex            26%        N/A       99%         7
 Orb of Destruction       Conj           26%        9d9       99%         7
 Eringya's Noxious Bog    Alch           3%         4d6       100%        6
 Plasma Beam              Fire/Air       3%         2x1d13    100%        6
 Haunt                    Necr/Summ      3%         N/A       100%        7
 Monstrous Menagerie      Summ           3%         N/A       100%        7
 Summon Hydra             Summ           3%         N/A       100%        7
 Borgnjor's Revivificati  Necr           3%         N/A       100%        8
 Discord                  Hex            26%        N/A       100%        8
 Infestation              Necr           3%         N/A       100%        8
 Lehudib's Crystal Spear  Conj/Erth      15%        10d5      100%        8
 Maxwell's Capacitive Co  Air            3%         ∞         100%        8
 Death's Door             Necr           3%         N/A       100%        9
 Dragon's Call            Summ           3%         N/A       100%        9
 Polar Vortex             Ice            31%        12d4*     100%        9


Dungeon Overview and Level Annotations

Branches:
Dungeon (15/15)            Temple (1/1) D:5            Lair (5/5) D:11
  Swamp (4/4) Lair:2       Spider (4/4) Lair:3        Slime (5/5) Lair:5
    Orc (2/2) D:10            Elf (3/3) Orc:2        Vaults (5/5) D:13
  Crypt (3/3) Vaults:3       Tomb (0/3) Crypt:3      Depths (4/4) D:15
    Zot (5/5) Depths:4      IceCv (visited)         Gauntlet (visited)

Altars:
Ashenzari
Cheibriados
Dithmenos
Elyvilon
Fedhas
Gozag
Hepliaklqana
Kikubaaqudgha
Makhleb
Nemelex Xobeh
Okawaru
Qazlal
Ru
Sif Muna
Trog
Uskayaw
Vehumet
Wu Jian
Xom
Yredelemnul
Zin
The Shining One
Jiyva

Shops:
D:5 :   D:8 ?   D:9 (*   Orc:2 !:[:   Elf:2 (   Vaults:1 (   Vaults:3 [
Vaults:5 !?   Depths:1 :==:

Portals:
Hell: Depths:1 Depths:2 Depths:3 Depths:4
Abyss: Depths:1 Depths:3 Depths:4
Pandemonium: Depths:2

Annotations:
D:10 2 transporters
Elf:2 5 runed translucent doors


Innate Abilities, Weirdness & Mutations

You are amphibious.
You cover ground slowly.
You can hop long distances.
You have an extended range of vision and can be seen from far away.
You are clumsy. (Dex -2)
Your natural rate of healing is unusually fast.
Your muscles are strong. (Str +4, Int/Dex -1)
Your health recovers twice as slowly from being drained.


Message History

Fire: a) +9 triple crossbow (freeze)
Press: ? - help, Q - select action, (/) - cycle Shift-Dir - straight line, f/p - golden dragon
Aim: a golden dragon (severely wounded, 87% to hit)
You shoot a bolt. The bolt hits the golden dragon!!!
The bolt freezes the golden dragon.
You kill the golden dragon!
Cheibriados appreciates the change of pace.
The gold dragon scales are intact enough to wear.
The yellow draconian drops a net on you.
You avoid being caught in a net.
Fire: a) +9 triple crossbow (freeze)
Press: ? - help, Q - select action, (/) - cycle Shift-Dir - straight line, f - yellow draconian
Aim: a yellow draconian, wielding a +0 dire flail of venom (moderately wounded, 83% to hit)
You shoot a bolt.
The bolt barely misses the yellow draconian.
You feel you are being watched by something.
You feel your power leaking away.
* * * LOW MAGIC WARNING * * *
The moth of wrath goads the yellow draconian on!
The yellow draconian goes berserk!
Fire: a) +9 triple crossbow (freeze)
Press: ? - help, Q - select action, (/) - cycle Shift-Dir - straight line, f/p - yellow draconian
Aim: a yellow draconian, wielding a +0 dire flail of venom (moderately wounded, berserk, 83% to hit)
You shoot a bolt. The bolt hits the yellow draconian!!!
The yellow draconian seems to slow down.
The bolt freezes the yellow draconian!!
You kill the yellow draconian!
Cheibriados appreciates the change of pace.
Fire: a) +9 triple crossbow (freeze)
Press: ? - help, Q - select action, (/) - cycle Shift-Dir - straight line, f - moth of wrath
Aim: a moth of wrath (83% to hit)
You shoot a bolt. The moth of wrath goads something on!
You feel you are being watched by something.
You feel your power leaking away.
* * * LOW MAGIC WARNING * * *
Something hits you but does no damage.
Deactivating autopickup; reactivate with Ctrl-A.
Something closely misses you. Something completely misses you.
Fire: a) +9 triple crossbow (freeze)
Press: ? - help, Q - select action, (/) - cycle Shift-Dir - straight line, f/p - moth of wrath
Aim: a moth of wrath (83% to hit)
You shoot a bolt.
Cheibriados thoroughly appreciates the change of pace.
Reactivating autopickup.
You feel a bit more experienced.
The storm dragon completely misses you. x2
The storm dragon tramples you but does no damage.
Fire: a) +9 triple crossbow (freeze)
Press: ? - help, Q - select action, (/) - cycle Shift-Dir - straight line, f/p - moth of wrath
Aim: a moth of wrath (83% to hit)
You shoot a bolt. The bolt hits the moth of wrath!
The bolt freezes the moth of wrath.
The moth of wrath is moderately wounded.
The storm dragon bites you but does no damage.
The storm dragon barely misses you. The storm dragon completely misses you.
The moth of wrath enters a dispersal trap!
The storm dragon blinks! x2; You blink.
The moth of wrath blinks!
Fire: a) +9 triple crossbow (freeze)
Press: ? - help, Q - select action, (/) - cycle Shift-Dir - straight line, f/p - moth of wrath
Aim: a moth of wrath (moderately wounded, 83% to hit)
You shoot a bolt.
The bolt completely misses the moth of wrath.
The storm dragon completely misses you. The storm dragon misses you.
The storm dragon tramples you but does no damage.
The moth of wrath misses you. The storm dragon misses you.
The storm dragon closely misses you. The storm dragon completely misses you.
Fire: a) +9 triple crossbow (freeze)
Press: ? - help, Q - select action, (/) - cycle Shift-Dir - straight line, f/p - moth of wrath
Aim: a moth of wrath (moderately wounded, 83% to hit)
You shoot a bolt. The bolt hits the moth of wrath!!!
The bolt freezes the moth of wrath!
You kill the moth of wrath!
Cheibriados appreciates the change of pace.
The storm dragon bites you.
The storm dragon claws you but does no damage.
The storm dragon completely misses you. The storm dragon misses you.
The storm dragon claws you. The storm dragon completely misses you.
Unknown command.
Fire: a) +9 triple crossbow (freeze)
Press: ? - help, Q - select action, (/) - cycle Shift-Dir - straight line, f - storm dragon
Aim: a storm dragon (berserk, 83% to hit)
You shoot a bolt. The bolt hits the storm dragon!!!
The bolt freezes the storm dragon!
The storm dragon is heavily wounded.
The storm dragon completely misses you.
The storm dragon claws you but does no damage.
The storm dragon completely misses you.
The storm dragon bites you but does no damage.
The storm dragon misses you. The storm dragon closely misses you.
Fire: a) +9 triple crossbow (freeze)
Press: ? - help, Q - select action, (/) - cycle Shift-Dir - straight line, f/p - storm dragon
Aim: a storm dragon (heavily wounded, berserk, 83% to hit)
You shoot a bolt.
The bolt closely misses the storm dragon.
The storm dragon barely misses you. The storm dragon misses you.
The storm dragon completely misses you.
Fire: a) +9 triple crossbow (freeze)
Press: ? - help, Q - select action, (/) - cycle Shift-Dir - straight line, f/p - storm dragon
Aim: a storm dragon (heavily wounded, berserk, 83% to hit)
You shoot a bolt. The bolt hits the storm dragon!!!
The bolt freezes the storm dragon!!
You kill the storm dragon!
Cheibriados appreciates the change of pace.
You start resting.
HP restored.
Magic restored.
You see here a +0 hand axe.
Things that are here:
a +10 vampiric club; a Killer Klown corpse Magic restored.
Items here: )) [ ††.
Things that are here:
+0 gold dragon scales; a golden dragon corpse
Found a rapier.
Found a potion of curing.
Unknown command.
Unknown command.
i - 30 potions of curing (gained 1)
Things that are here:
+0 gold dragon scales; a golden dragon skeleton
Items here: )) [ ÷÷.
Things that are here:
a +12 club; a Killer Klown skeleton Key pressed, stopping explore.
Unknown command.
You now have 5028 gold pieces (gained 5).
Things that are here:
a +8 club of flaming; a Killer Klown skeleton You see here a +9 spectral club.
Unknown command.
You see here a +8 club of flaming.
You see here the Orb of Zot.
You pick up the Orb of Zot!
The Orb lets out an ear-shattering shriek!
The lords of Pandemonium are not amused.
Beware!
Cheibriados tells them not to hurry.
Now all you have to do is get back out of the dungeon!
Okay, then.
You enter a permanent teleport trap!
Your surroundings suddenly seem different.
What level of the Dungeon? (default 15, ? - help)
A red devil comes into view. It is wielding a +0 trident.
The red devil completely misses you. x2
You shoot a bolt. The bolt misses the red devil.
The red devil closely misses you.
You shoot a bolt. The bolt hits the red devil!!!
The bolt freezes the red devil!
You kill the red devil!
Cheibriados appreciates the change of pace.
What level of the Dungeon? (default 1, ? - help)
There is an open door here.
You see here a +0 trident.
An Executioner comes into view.
The Executioner moves out of view.
What level of the Dungeon? (default 1, ? - help)
The Executioner gestures.
The Executioner seems to speed up.
The Executioner completely misses you. x3
The Executioner hits you but does no damage.
The Executioner completely misses you. The Executioner misses you.
You shoot a bolt. The bolt hits the Executioner!!!
You kill the Executioner!
Cheibriados thoroughly appreciates the change of pace.
What level of the Dungeon? (default 1, ? - help)
A shadow demon comes into view.
You shoot a bolt. The bolt misses the shadow demon.
You shoot a bolt.
The bolt barely misses the shadow demon.
You shoot a bolt. The bolt hits the shadow demon!!!
The bolt freezes the shadow demon.
You kill the shadow demon!
Cheibriados appreciates the change of pace.
What level of the Dungeon? (default 1, ? - help)
You reach down and open the door.
There is an open door here.
There is an open door here.
There is a stone staircase leading up here.
You fly upwards.
There is a stone staircase leading down here.
There is a stone staircase leading up here.
You fly upwards.
There is a stone staircase leading down here.
A Tzitzimitl comes into view.
You shoot a bolt. The bolt hits the Tzitzimitl!!!!
You kill the Tzitzimitl!
Cheibriados appreciates the change of pace.
What level of the Dungeon? (default 1, ? - help)
There is a stone staircase leading up here.
You fly upwards.
There is a stone staircase leading down here.
There is an open door here.
There is an open door here.
There is an open door here.
There is a stone staircase leading up here.
You fly upwards.
There is a stone staircase leading down here.
A reaper comes into view. It is wielding a +2 heavy scythe.
You shoot a bolt. The bolt hits the reaper!!
The reaper is moderately wounded.
You shoot a bolt. The bolt hits the reaper!!!
The bolt freezes the reaper.
You kill the reaper!
Cheibriados appreciates the change of pace.
No target in view!
What level of the Dungeon? (default 1, ? - help)
A ynoxinul comes into view.
You shoot a bolt. The bolt hits the ynoxinul!!!
You kill the ynoxinul!
Cheibriados appreciates the change of pace.
What level of the Dungeon? (default 1, ? - help)
There is a dry fountain here.
A Hell Sentinel comes into view.
The Hell Sentinel moves out of view.
No target in view!
What level of the Dungeon? (default 1, ? - help)
The Hell Sentinel gestures at you.
The iron shot is repelled.
You shoot a bolt. The bolt hits the Hell Sentinel!!!
The Hell Sentinel is heavily wounded.
You shoot a bolt.
The bolt hits the Hell Sentinel but does no damage.
The Hell Sentinel is heavily wounded.
You shoot a bolt. The bolt hits the Hell Sentinel.
The Hell Sentinel is heavily wounded.
The Hell Sentinel hits you! The Hell Sentinel misses you.
You shoot a bolt. The bolt hits the Hell Sentinel!!!!
You kill the Hell Sentinel!
Cheibriados appreciates the change of pace.
What level of the Dungeon? (default 1, ? - help) HP restored.
There is a gate leading back out of this place, spattered with blood here.
Things that are here:
a +0 hand axe; a red draconian skeleton You fly up through the gate.
Welcome back to the Depths!
There is a gate to the Realm of Zot here.
A green death comes into view.
You shoot a bolt. The bolt hits the green death!!
The bolt freezes the green death!
The green death is severely wounded.
You shoot a bolt. The bolt hits the green death!!
The bolt freezes the green death.
You kill the green death!
Cheibriados appreciates the change of pace.
What level of the Dungeon? (default 1, ? - help)
A soul eater comes into view.
You shoot a bolt. The bolt hits the soul eater!!!
The bolt freezes the soul eater!
You kill the soul eater!
Cheibriados appreciates the change of pace.
What level of the Dungeon? (default 1, ? - help)
There is a stone staircase leading up here.
You fly upwards.
There is a stone staircase leading down here.
Things that are here:
a +0 troll leather armour; a deep troll skeleton A smoke demon comes into view.
You shoot a bolt. The bolt barely misses the smoke demon.
You shoot a bolt. The bolt hits the smoke demon.
The bolt freezes the smoke demon.
The smoke demon is moderately wounded.
The smoke demon gestures at you. The ball of steam misses you.
There is a stone staircase leading up here.
You fly upwards.
There is a stone staircase leading down here.
What level of the Dungeon? (default 1, ? - help)
There is a large open door here.
There is a huge open gate here.
There is a huge open gate here.
There is a large open door, spattered with blood here.
Things that are here:
a +0 trident; a +0 plate armour
Things that are here:
a +0 robe; a +0 dagger; a human skeleton
There is a large open door, spattered with blood here.
Things that are here:
+0 shadow dragon scales; a shadow dragon skeleton
There is a shaft here.
There is a large open door, spattered with blood here.
Items here: )) [ ÷.
Things that are here:
a +0 lajatang; a +0 robe
Things that are here:
a +0 great sword of flaming; a very ugly thing skeleton
There is a fountain of sparkling water here.
You see here a very ugly thing skeleton.
Things that are here:
a +0 hand axe; a +0 robe; an ugly thing skeleton
There is a stone staircase leading up, spattered with blood here.
You fly upwards.
There is a stone staircase leading down here.
There is an open door, spattered with blood here.
There is an open door here.
There is a staircase back to the Dungeon here.
You fly upwards.
Welcome back to the Dungeon!
There is a staircase to the Depths, spattered with blood here.
Things that are here:
a +0 chain mail; a +0 battleaxe; an orc skeleton
There is a stone staircase leading up here.
You fly upwards.
There is a stone staircase leading down here.
There is a stone staircase leading up here.
You fly upwards.
There is a stone staircase leading down here.
There is an open door here.
There is an open door here.
An Ice Fiend comes into view.
You shoot a bolt. The bolt hits the Ice Fiend!!!
The Ice Fiend is almost dead.
You shoot a bolt. The bolt hits the Ice Fiend!!
You kill the Ice Fiend!
Cheibriados appreciates the change of pace.
What level of the Dungeon? (default 1, ? - help)
There is an open door here.
There is an open door here.
There is a stone staircase leading up here.
You fly upwards.
There is a stone staircase leading down here.
Wepez comes into view.
You shoot a bolt. The bolt completely misses Wepez.
Wepez completely misses you.
You shoot a bolt. The bolt completely misses Wepez.
You hear a shout!
Wepez hits you!!
A lich comes into view.
You shoot a bolt. The bolt hits Wepez!!!!
The bolt freezes Wepez!!
Wepez is severely wounded.
Wepez gestures at you.
The bolt of devastation hits you but does no damage.
Your willpower is stripped away!
You shoot a bolt. The bolt barely misses Wepez.
Wepez hits you but does no damage.
You shoot a bolt. The bolt hits Wepez!!!
The bolt freezes Wepez.
Wepez is almost dead.
Wepez completely misses you.
You shoot a bolt. The bolt closely misses Wepez.
The bolt hits the lich!!!!
The bolt freezes the lich.
You destroy the lich!
Cheibriados appreciates the change of pace.
Wepez gestures at you.
A raging storm of fire appears!
The great blast of fire engulfs you!!! You partially resist.
The great blast of fire engulfs Wepez!!!
Wepez dies!
A Hell Sentinel comes into view. 3 fire vortices come into view.
You shoot a bolt.
The bolt completely misses the fire vortex.
You are engulfed in blazing flames.
You resist.
A fire vortex comes into view.
You shoot a bolt. The bolt hits the fire vortex!!!
The bolt freezes the fire vortex!!
The fire vortex dissipates!
You are engulfed in blazing flames.
You resist.
You shoot a bolt. The bolt hits the Hell Sentinel!
The Hell Sentinel is lightly wounded.
You are engulfed in blazing flames.
You resist.
You shoot a bolt.
The bolt barely misses the Hell Sentinel.
You are engulfed in blazing flames.
You resist.
You shoot a bolt. The bolt hits the Hell Sentinel!!
The Hell Sentinel is moderately wounded.
You are engulfed in blazing flames.
You resist.
A red devil comes into view. It is wielding a +0 trident.
The Hell Sentinel barely misses you.
The Hell Sentinel hits you but does no damage.
You shoot a bolt. The bolt hits the Hell Sentinel!!!
The Hell Sentinel is almost dead.
The Hell Sentinel gestures at you.
The sphere of damnation explodes!
The damnation engulfs you!!
The damnation engulfs the Hell Sentinel.
The Hell Sentinel completely resists.
You shoot a bolt. The bolt hits the Hell Sentinel.
The Hell Sentinel is almost dead.
The Hell Sentinel hits you!!
The Hell Sentinel completely misses you.
You shoot a bolt. The bolt hits the Hell Sentinel!!
You kill the Hell Sentinel!
Cheibriados appreciates the change of pace.
The red devil closely misses you. x2
You shoot a bolt. The bolt hits the red devil!!
The bolt freezes the red devil!
You kill the red devil!
Cheibriados appreciates the change of pace.
What level of the Dungeon? (default 1, ? - help)
You feel your willpower return.
There is a stone staircase leading up here.
You fly upwards.
There is a stone staircase leading down here.
HP restored.
A Brimstone Fiend comes into view.
You shoot a bolt. The bolt hits the Brimstone Fiend!!
The bolt freezes the Brimstone Fiend!
The Brimstone Fiend is severely wounded.
You shoot a bolt. The bolt hits the Brimstone Fiend!!!
The bolt freezes the Brimstone Fiend!!
You kill the Brimstone Fiend!
Cheibriados appreciates the change of pace.
What level of the Dungeon? (default 1, ? - help)
There is a stone staircase leading up here.
You fly upwards.
Level annotation: 2 transporters
There is a stone staircase leading down here.
There is a stone staircase leading up here.
You fly upwards.
There is a stone staircase leading down here.
An Orb Guardian comes into view.
There is an open door here.
You shoot a bolt. The bolt hits the Orb Guardian!
The bolt freezes the Orb Guardian.
The Orb Guardian is lightly wounded.
You shoot a bolt. The bolt hits the Orb Guardian!!!
The bolt freezes the Orb Guardian!!
You kill the Orb Guardian!
Cheibriados thoroughly appreciates the change of pace.
What level of the Dungeon? (default 1, ? - help)
There is an open door here.
There is an open door here.
There is a stone staircase leading up here.
You fly upwards.
There is a stone staircase leading down here.
There is a stone staircase leading up here.
You fly upwards.
There is a stone staircase leading down here.
An Orb Guardian comes into view.
You shoot a bolt. The bolt hits the Orb Guardian!!!
The bolt freezes the Orb Guardian!!
You kill the Orb Guardian!
Cheibriados thoroughly appreciates the change of pace.
No target in view!
What level of the Dungeon? (default 1, ? - help)
There is a stone staircase leading up here.
You fly upwards.
There is a stone staircase leading down here.
There is a stone staircase leading up here.
You fly upwards.
There is a stone staircase leading down here.
There is a stone staircase leading up here.
You fly upwards.
There is a stone staircase leading down here.
There is an escape hatch in the floor here.
There is an open door here.
A hell beast comes into view.
You shoot a bolt. The bolt hits the hell beast!!!
The bolt freezes the hell beast!!
You kill the hell beast!
Cheibriados appreciates the change of pace.
What level of the Dungeon? (default 1, ? - help)
There is an open door here.
A rust devil comes into view.
You shoot a bolt. The bolt hits the rust devil!!
The bolt freezes the rust devil.
The rust devil is severely wounded.
You shoot a bolt. The bolt hits the rust devil.
The rust devil is severely wounded.
The rust devil misses you.
There is a stone staircase leading up here.
You shoot a bolt. The bolt hits the rust devil!!!
You kill the rust devil!
Cheibriados appreciates the change of pace.
What level of the Dungeon? (default 1, ? - help)
You fly upwards.
There is a stone staircase leading down here.
Items here: )) ÷÷.
Things that are here:
a +0 dagger; a goblin skeleton; a hobgoblin skeleton An orange demon comes into view.
You shoot a bolt. The bolt hits the orange demon!!!
The bolt freezes the orange demon!!
You kill the orange demon!
Cheibriados appreciates the change of pace.
What level of the Dungeon? (default 1, ? - help)
A Brimstone Fiend comes into view.
There is an open door here.
You shoot a bolt. The bolt hits the Brimstone Fiend!!!
The bolt freezes the Brimstone Fiend!!!
You kill the Brimstone Fiend!
Cheibriados appreciates the change of pace.
What level of the Dungeon? (default 1, ? - help)
There is a stone staircase leading up here.
You fly upwards.
There is a stone staircase leading down here.
A tormentor comes into view.
You shoot a bolt. The bolt hits the tormentor!!!
The bolt freezes the tormentor.
You kill the tormentor!
Cheibriados appreciates the change of pace.
What level of the Dungeon? (default 1, ? - help)
There is an open door here.
There is an open door here.
There is an open door here.
There is a stone staircase leading up here.
You fly upwards.
There is a stone staircase leading down here.
You see here a ball python skeleton.
You see here a kobold skeleton.
A ynoxinul comes into view.
You shoot a bolt. The bolt hits the ynoxinul!!!
The bolt freezes the ynoxinul.
You kill the ynoxinul!
Cheibriados appreciates the change of pace.
What level of the Dungeon? (default 1, ? - help)
There is a staircase leading out of the dungeon here.
You have escaped!

### ########
#@###.#..#.###
##..#..##.#..#
#.#..........#
###..........#
#...#....#...#
#>####..####.#
###
#######÷#####
#.......#
#....^..#


There were no monsters in sight!

Vanquished Creatures
  the Royal Jelly (Slime:5)
  Frederick (Crypt:3)
  2 dread liches
  Mara (Vaults:4)
  4 ancient liches
  4 orbs of fire
  A pandemonium lord (Zig:6)
  Parghit (Depths:4)
  The ghost of Tazok the Minotaur Barricade, a veteran MiCA of Jiyva (Depths:3)
  Boris (Vaults:3)
  7 Killer Klowns
  6 curse toes
  3 caustic shrikes (Depths:2)
  Jory (Vaults:2)
  A profane servitor (Crypt:3)
  12 golden dragons
  2 Brimstone Fiends
  A Tzitzimitl (Zot:3)
  3 electric golems
  14 tentacled monstrosities
  A walking crystal tome (Depths:2)
  2 Ice Fiends
  2 Hell Sentinels
  27 Orb Guardians
  Asterion (Vaults:2)
  3 sphinxes
  7 liches
  8 quicksilver dragons
  3 deep elf master archers (Elf:3)
  5 deep elf blademasters (Elf:3)
  4 titans
  17 acid blobs
  10 death cobs
  An Executioner (Zot:5)
  6 tentacled starspawn
  8 ancient champions
  9 tengu reavers
  10 rockslimes
  3 thorn hunters
  14 shadow dragons
  15 azure jellies
  A daeva (Abyss:1)
  10 storm dragons
  7 draconian monks
  2 narguns (Depths:3)
  3 protean progenitors
  2 revenants
  12 fire giants
  12 frost giants
  8 draconian knights
  13 emperor scorpions
  An iron dragon (Depths:3)
  2 curse skulls (Crypt:3)
  A spectral caustic shrike (Depths:3)
  8 draconian shifters
  A fenstrider witch (Swamp:3)
  7 draconian stormcallers
  3 draconian scorchers
  11 deep elf sorcerers
  3 deep elf elementalists (Elf:3)
  8 ghost moths
  19 vault wardens
  A cacodemon (Abyss:3)
  2 reapers
  2 orc warlords (Vaults:3)
  24 ironbound preservers
  3 ghouls
  7 draconian annihilators
  2 caustic shrike skeletons
  5 formless jellyfish
  9 quicksilver oozes
  2 broodmothers
  12 vampire knights
  18 stone giants
  14 very ugly things
  7 ironbound thunderhulks
  10 green draconians
  2 deep elf demonologists
  14 white draconians
  An eleionoma (Swamp:3)
  11 yellow draconians
  5 deep elf death magi
  6 red draconians
  A spectral titan (Depths:3)
  12 purple draconians
  A minotaur (Gauntlet)
  2 war gargoyles (Vaults:4)
  A minotaur (shapeshifter) (Depths:2)
  12 black draconians
  Azrael (Spider:3)
  7 deep elf annihilators
  9 dire elephants
  10 bunyips
  A blizzard demon (Depths:3)
  7 eidola
  11 jiangshi
  12 spark wasps
  13 ettins
  A green death (Depths:4)
  10 fire dragons
  2 mummy priests (Crypt:3)
  A merfolk javelineer (Depths:1)
  10 yaktaur captains
  7 entropy weavers
  A quicksilver dragon zombie (Abyss:3)
  Josephine (Orc:2)
  A hell beast (D:4)
  3 deep elf high priests
  2 entropy weavers (shapeshifter)
  6 rakshasas
  19 great orbs of eyes
  40 vault guards
  2 spriggan air magi (Depths:2)
  2 spectral shadow dragons (Depths:3)
  5 peacekeepers
  2 shambling mangroves
  A juggernaut simulacrum (Depths:3)
  A jorogumo (shapeshifter) (Vaults:3)
  9 ice dragons
  20 hydras
  An ogre mage (Vaults:5)
  A catoblepas (D:13)
  4 spriggan skeletons
  9 centaur warriors
  2 jorogumos
  4 radroaches (Spider:4)
  8 alligators
  An alligator snapping turtle (shapeshifter) (Zig:6)
  5 boulder beetles
  9 ironbound frosthearts
  A sphinx zombie (Crypt:3)
  4 ghost crabs
  A two-headed ogre (shapeshifter) (Vaults:2)
  2 satyrs (Zig:6)
  16 dancing weapons
  2 death knights
  3 two-headed ogres
  7 deep troll shamans
  11 death yaks
  A death scarab (Spider:4)
  A hell hog (Gauntlet)
  A shock serpent (shapeshifter) (Vaults:3)
  A titan zombie (Crypt:2)
  5 deep troll earth magi
  5 thrashing horrors
  9 demonic crawlers
  7 vampire magi
  10 hell knights
  8 tengu warriors
  3 spriggan berserkers
  A soul eater (Depths:4)
  2 occultists
  4 wretched stars
  7 iron trolls
  5 deep elf knights
  3 sixfirhies
  11 spriggans
  10 skeletal warriors
  5 pharaoh ants
  2 goliath frogs
  A fire crab (Gauntlet)
  A bunyip zombie (Crypt:1)
  A mana viper (Abyss:1)
  2 sea snakes (shapeshifter)
  5 skysharks
  2 shadow wraiths (Crypt:2)
  9 arcanists
  5 orb spiders (Spider:4)
  A death drake (Abyss:1)
  63 deep trolls
  11 bog bodies
  A quicksilver dragon simulacrum (Depths:3)
  6 flayed ghosts
  9 swamp dragons
  11 glowing orange brains
  3 spriggan druids
  17 ironbound convokers
  A shadow demon (Zot:5)
  An iron giant skeleton (Crypt:2)
  A mana viper (shapeshifter) (Vaults:3)
  4 steelbarb worms
  3 orange crystal statues
  9 starcursed masses
  7 deep elf archers
  16 phantasmal warriors
  An orb spider (shapeshifter) (Vaults:5)
  A fenstrider witch simulacrum (Crypt:2)
  Pikel (D:5)
  14 deep elf pyromancers
  12 necromancers
  A shadow dragon skeleton (Depths:1)
  13 lindwurms
  A broodmother zombie (Crypt:2)
  23 wolf spiders
  16 orc knights
  22 deep elf zephyrmancers
  7 cyclopes
  An alligator skeleton (Abyss:1)
  27 moths of wrath
  3 manticores
  3 shining eyes
  2 orc sorcerers (Vaults:5)
  A shining eye (shapeshifter) (Vaults:5)
  A goliath frog skeleton (Crypt:1)
  5 will-o-the-wisps
  45 ugly things
  A manticore (shapeshifter) (Vaults:5)
  7 meliai
  6 elephants
  A fire giant skeleton (Vaults:2)
  28 vault sentinels
  An ice statue (IceCv)
  8 black mambas
  3 rust devils
  A smoke demon (Abyss:1)
  An eleionoma skeleton (Crypt:1)
  9 kobold blastminers
  A centaur zombie (Crypt:1)
  A dire elephant zombie (Abyss:3)
  4 eyes of devastation
  2 gargoyles (D:12)
  5 torpor snails
  A storm dragon simulacrum (Depths:3)
  2 molten gargoyles (Lair:5)
  An apocalypse crab (Abyss:1)
  14 large abominations
  An orange demon (D:3)
  A dire elephant skeleton (Crypt:1)
  Jeremiah (D:9)
  Maggie (D:8)
  An alligator snapping turtle skeleton (Crypt:3)
  A human zombie (Vaults:2)
  14 cane toads
  A spriggan zombie (Depths:1)
  A centaur skeleton (Crypt:1)
  A minotaur zombie (Crypt:1)
  20 komodo dragons
  An ancient zyme (Abyss:1)
  A rime drake (shapeshifter) (D:15)
  11 freezing wraiths
  2 hellions (Elf:3)
  11 ice devils (IceCv)
  An efreet (D:13)
  2 unseen horrors
  A tormentor (D:2)
  3 anaconda simulacra (IceCv)
  2 trolls
  8 tengu conjurers
  28 yaktaurs
  3 harpy zombies
  9 guardian mummies
  2 red devils
  2 golden dragon simulacra (Depths:3)
  A queen bee (Abyss:3)
  A catoblepas skeleton (Crypt:1)
  3 bloated husks
  17 hornets
  3 polar bears
  6 blink frogs
  7 tyrant leeches
  Grinder (D:5)
  29 tarantellas
  A tengu simulacrum (Depths:3)
  A glass eye (Slime:5)
  2 harpy skeletons
  11 dream sheep (Lair:5)
  A hydra skeleton (Crypt:2)
  A raiju (Abyss:1)
  27 jumping spiders
  A jumping spider (shapeshifter) (Vaults:3)
  A slime creature (shapeshifter) (Vaults:3)
  A shadow (D:12)
  76 slime creatures
  A dire elephant simulacrum (Crypt:1)
  6 water elementals
  7 ynoxinuls
  15 small abominations
  2 ushabtiu (Crypt:3)
  12 wraiths
  29 culicivoras
  7 air elementals
  4 wyverns
  A black mamba skeleton (Crypt:3)
  9 fire bats (Gauntlet)
  6 fire elementals
  5 wargs
  7 basilisks
  50 yaks
  7 chaos spawn (Depths:3)
  3 steam dragons
  A yak (shapeshifter) (D:15)
  Grum (D:8)
  63 redbacks
  3 neqoxecs (Abyss:3)
  4 death yak simulacra (IceCv)
  A demonspawn zombie (Crypt:1)
  23 vampire mosquitoes
  21 swamp worms
  A two-headed ogre zombie (Crypt:2)
  A skyshark zombie (Crypt:3)
  2 harpy simulacra (IceCv)
  2 swamp worms (shapeshifter)
  A hydra simulacrum (IceCv)
  An acid dragon (D:12)
  13 water moccasins
  10 hell hounds
  A naga skeleton (Abyss:3)
  9 swamp drakes
  A human skeleton (Depths:1)
  A glowing shapeshifter skeleton (Depths:1)
  35 orc warriors
  2 black bears (D:4)
  An ettin simulacrum (Vaults:2)
  17 laughing skulls
  7 ogres
  30 wolves
  A black mamba simulacrum (Crypt:3)
  A phantom (D:4)
  A lemure (D:5)
  The ghost of danspanner the Covered, an amateur GrFi (D:3)
  11 centaurs
  A vine stalker zombie (Crypt:3)
  6 weeping skulls
  5 kobold brigands
  18 bullfrogs
  34 scorpions
  2 earth elementals (Elf:1)
  2 cane toad simulacra (IceCv)
  A gnoll sergeant (D:13)
  3 two-headed ogre simulacra
  7 wights
  A glowing shapeshifter simulacrum (Depths:3)
  2 polar bear zombies
  5 elephant simulacra (IceCv)
  4 killer bees (D:9)
  An electric eel (Spider:3)
  3 howler monkeys
  2 bombardier beetles
  5 lava snakes (Lair:5)
  A quasit (Abyss:1)
  4 hounds
  8 orc priests
  Crazy Yiuf (D:3)
  A gnoll bouda (D:7)
  3 jellies
  2 iron imps
  A sleepcap (D:5)
  Jessica (D:3)
  3 iguanas
  Terence (D:3)
  9 orc wizards
  Natasha (thrice) (D:2)
  4 hell rats (Lair:4)
  4 troll simulacra
  4 polar bear simulacra
  6 spriggan simulacra
  11 wolf simulacra
  3 yak simulacra (Lair:2)
  A sky beast zombie (Crypt:2)
  A tengu skeleton (Crypt:2)
  An ogre skeleton (Crypt:3)
  Robin (D:3)
  7 mummies (Crypt:3)
  8 gnolls
  4 naga simulacra
  An adder (D:6)
  2 river rats (Lair:2)
  A shadow imp (D:5)
  3 white imps
  10 ufetubi
  An adder skeleton (Crypt:2)
  A lava snake skeleton (Crypt:2)
  A ribbon worm (D:2)
  2 dart slugs
  58 orcs
  7 endoplasms
  4 giant cockroaches
  12 goblins
  11 hobgoblins
  2 jackals (D:5)
  36 kobolds
  5 quokkas
  4 ball pythons
  6 bats
  A dart slug zombie (Crypt:2)
  2 frilled lizards
  4 rats
  A rat skeleton (Crypt:1)
  3 river rat simulacra (Lair:2)
  A river rat skeleton (Crypt:2)
  An aspiring flesh (Zot:3)
  2 butterflies (Lair:3)
  A fire vortex (D:12)
  A lurking horror (Abyss:1)
  A spectral weapon (Vaults:2)
2578 creatures vanquished.

Vanquished Creatures (collateral kills)
  A vampire knight (Crypt:1)
1 creature vanquished.

Vanquished Creatures (others)
  A pandemonium lord (D:12)
  A very ugly thing (Abyss:1)
  A deep elf annihilator (Elf:3)
  A torpor snail (Spider:3)
  An orc zombie (Crypt:3)
  4 foxfires
  3 starspawn tentacles (Abyss:1)
12 creatures vanquished.

Grand Total: 2591 creatures vanquished

Notes
Turn   | Place    | Note
-------+----------+-------------------------------------------
     0 | D:1      | jagoly the Barachi Ice Elementalist began the quest for the
                  | Orb.
     0 | D:1      | Reached XP level 1. HP: 13/13 MP: 3/3
   118 | D:1      | Reached skill level 5 in Ice Magic
   118 | D:1      | Reached XP level 2. HP: 19/19 MP: 3/5
   315 | D:1      | Reached XP level 3. HP: 24/24 MP: 7/7
   319 | D:1      | Learned a level 3 spell: Frozen Ramparts
   581 | D:2      | Noticed Natasha
   587 | D:2      | Killed Natasha
   712 | D:2      | Learned a level 3 spell: Ozocubu's Armour
   722 | D:2      | Noticed Natasha
   726 | D:2      | Killed Natasha
   727 | D:2      | Reached XP level 4. HP: 30/30 MP: 1/9
  1230 | D:2      | Noticed Natasha
  1235 | D:2      | Killed Natasha
  1236 | D:2      | Reached XP level 5. HP: 35/35 MP: 5/11
  1607 | D:3      | Found a runed translucent gate.
  1607 | D:3      | Found a runed translucent gate.
  1607 | D:3      | Found a runed translucent gate.
  1608 | D:3      | Noticed danspanner's ghost (amateur GrFi)
  1610 | D:3      | Noticed a kobold brigand
  1743 | D:3      | Reached skill level 1 in Fighting
  1766 | D:3      | Noticed Jessica
  1772 | D:3      | Killed Jessica
  1922 | D:3      | Found a faded altar of an unknown god.
  2045 | D:3      | Reached XP level 6. HP: 47/47 MP: 8/12
  2098 | D:3      | Found a runed translucent door.
  2099 | D:3      | Noticed Crazy Yiuf
  2154 | D:3      | Noticed Robin
  2165 | D:3      | Killed Robin
  2281 | D:3      | Noticed Terence
  2287 | D:3      | Killed Terence
  2790 | D:3      | Found a shimmering altar of Xom.
  2791 | D:3      | Found a bloodstained altar of Trog.
  3064 | D:4      | Found a transporter.
  3066 | D:4      | Found a white marble altar of Elyvilon.
  3077 | D:4      | Noticed a black bear
  3089 | D:4      | Reached XP level 7. HP: 54/54 MP: 8/13
  3180 | D:4      | Identified the +3 war axe of the Mushroom {elec, *Noise rF+
                  | Will+ Dex+3}
  3291 | D:4      | You fall into a shaft and drop 2 floors!
  3297 | D:5      | Entered Level 5 of the Dungeon
  3299 | D:5      | Found a staircase to the Ecumenical Temple.
  3317 | Temple   | Entered the Ecumenical Temple
  3347 | D:5      | Reached skill level 1 in Ranged Weapons
  3446 | D:5      | Noticed Pikel
  3506 | D:5      | Found Peochul's Book Shoppe.
  3575 | D:4      | Found a transporter.
  3684 | D:4      | Reached XP level 8. HP: 60/60 MP: 10/14
  3968 | D:4      | Reached skill level 5 in Ranged Weapons
  4633 | D:5      | Noticed Grinder
  4644 | D:5      | Paralysed by Grinder for 2 turns
  4648 | D:5      | Killed Grinder
  4649 | D:5      | Reached XP level 9. HP: 51/65 MP: 13/15
  5885 | D:7      | Reached skill level 10 in Ranged Weapons
  6280 | D:8      | Noticed Maggie
  6312 | D:8      | Found a snail-covered altar of Cheibriados.
  6330 | D:8      | Became a worshipper of Cheibriados the Contemplative
  6622 | D:8      | Found a stormy altar of Qazlal.
  6674 | D:8      | Noticed Grum
  6681 | D:8      | Reached XP level 10. HP: 71/71 MP: 12/16
  6686 | D:8      | Killed Grum
  6737 | D:8      | Found a shadowy altar of Dithmenos.
  6855 | D:8      | Reached * piety under Cheibriados
  6892 | D:8      | Found Banobloh's Magic Scroll Shoppe.
  6896 | D:8      | Bought a scroll of fear for 52 gold pieces
  6896 | D:8      | Bought a scroll of noise for 13 gold pieces
  6896 | D:8      | Bought a scroll of immolation for 52 gold pieces
  6896 | D:8      | Bought a scroll of vulnerability for 52 gold pieces
  6941 | D:8      | Found a hide-covered altar of Uskayaw.
  7591 | D:3      | Killed danspanner's ghost
  7642 | D:3      | Identified 2 scrolls of acquirement
  7645 | D:3      | Acquired a +1 arbalest of draining
  7646 | D:3      | Acquired the ring "Mowamew" {Will+ Slay+2}
  7675 | D:3      | Killed Crazy Yiuf
  7790 | D:5      | Killed Pikel
  7791 | D:5      | Reached skill level 5 in Fighting
  7802 | D:5      | Found an ornate altar of the Wu Jian Council.
  7900 | D:9      | Found Jamos's Weapon Shoppe.
  8106 | D:9      | Found Apha's Assorted Antiques.
  8512 | D:9      | Reached ** piety under Cheibriados
  8610 | D:9      | Identified the +4 hand axe of the Smoking Gods {elec,
                  | ^Fragile rN+ Str+2 Dex+3}
  8615 | D:9      | Identified the +4 hand axe of Contention {flame, *Corrode
                  | rElec rF+ Int+4}
  8654 | D:9      | Noticed Jeremiah
  8664 | D:9      | Killed Jeremiah
  8831 | D:9      | Bought a scroll labelled ASECHA OCONI for 25 gold pieces
  8831 | D:9      | Bought a cyan potion for 22 gold pieces
  8854 | D:10     | Entered Level 10 of the Dungeon
  8882 | D:10     | Found a staircase to the Orcish Mines.
  8892 | D:10     | Reached skill level 5 in Dodging
  8943 | D:10     | Found a transporter.
  8944 | D:10     | Found a transporter.
  8944 | D:10     | Found a transporter.
  8945 | D:10     | Found a transporter.
  8950 | D:10     | Found Cheibriados's Comfort Zone.
  8952 | D:10     | Found a snail-covered altar of Cheibriados.
  8977 | D:10     | Noticed a two-headed ogre
  8980 | D:10     | Killed a two-headed ogre
  8981 | D:10     | Reached XP level 11. HP: 86/86 MP: 17/17
  9217 | D:10     | Found a glowing golden altar of the Shining One.
  9218 | D:10     | Noticed an angel
  9229 | D:10     | Found a basalt altar of Yredelemnul.
  9230 | D:10     | Noticed a profane servitor
  9515 | D:10     | Reached *** piety under Cheibriados
  9837 | D:11     | Noticed a two-headed ogre
  9844 | D:11     | Killed a two-headed ogre
  9892 | D:11     | Noticed a cyclops
  9898 | D:11     | Killed a cyclops
  9924 | D:11     | Found a staircase to the Lair.
 10004 | D:11     | Noticed a green ugly thing
 10038 | D:11     | Killed a green ugly thing
 10051 | D:10     | HP: 4/86 [poisoned by a green ugly thing]
 10955 | Lair:1   | Entered Level 1 of the Lair of Beasts
 11031 | Lair:1   | Reached skill level 5 in Armour
 11059 | Lair:1   | Reached **** piety under Cheibriados
 11127 | Lair:1   | Reached XP level 12. HP: 92/92 MP: 18/18
 11203 | Lair:1   | Reached skill level 15 in Ranged Weapons
 12041 | D:8      | Killed Maggie
 12124 | Lair:2   | Noticed an eight-headed hydra
 12128 | Lair:2   | Killed an eight-headed hydra
 12174 | Lair:2   | Reached ***** piety under Cheibriados
 12404 | Lair:2   | Found a staircase to the Swamp.
 12430 | Lair:2   | Noticed a seven-headed hydra
 12436 | Lair:2   | Killed a seven-headed hydra
 12491 | Lair:2   | Gained mutation: You can hop long distances. [Barachi
                  | growth]
 12491 | Lair:2   | Reached XP level 13. HP: 98/98 MP: 19/19
 12961 | Lair:2   | Reached skill level 1 in Invocations
 13383 | Lair:3   | Found a hole to the Spider Nest.
 13442 | Lair:3   | Reached ****** piety under Cheibriados
 13443 | Lair:3   | Reached skill level 5 in Invocations
 15058 | Lair:5   | Entered Level 5 of the Lair of Beasts
 15070 | Lair:4   | Reached XP level 14. HP: 102/108 MP: 17/20
 15147 | Lair:5   | Reached skill level 10 in Fighting
 15484 | Lair:5   | Found a large runed translucent door.
 15484 | Lair:5   | Found a large runed translucent door.
 15800 | Lair:5   | Found a staircase to the Slime Pits.
 15800 | Lair:5   | Found a viscous altar of Jiyva.
 16472 | D:9      | Bought a shimmering leather armour for 175 gold pieces
 16472 | D:9      | Identified the +3 leather armour of Snakes and Ladders
                  | {Int-5 Dex+3 SInv} (You bought it in a shop on level 9 of
                  | the Dungeon)
 16472 | D:9      | Bought a heavily runed robe for 142 gold pieces
 16472 | D:9      | Identified the +1 robe of Lofyt {Rampage rCorr Str+4} (You
                  | bought it in a shop on level 9 of the Dungeon)
 16579 | D:12     | Found a frozen archway.
 16601 | IceCv    | Entered an ice cave
 16765 | IceCv    | Reached skill level 5 in Stealth
 16900 | IceCv    | Found an ancient bone altar of Kikubaaqudgha.
 17012 | IceCv    | Reached skill level 1 in Conjurations
 17012 | IceCv    | Reached skill level 1 in Translocations
 17414 | IceCv    | Got Nyrorepp's Handbook of Postmortem Algor
 17611 | D:12     | Reached XP level 15. HP: 120/120 MP: 21/21
 17767 | D:12     | Learned a level 4 spell: Iskenderun's Mystic Blast
 18352 | D:13     | Reached skill level 5 in Translocations
 18360 | D:13     | Reached skill level 5 in Conjurations
 18504 | D:13     | Found a flickering gateway to a bazaar.
 18518 | Bazaar   | Entered a bazaar
 18518 | Bazaar   | Found Ucefadufyi's Antique Weapon Shoppe.
 18518 | Bazaar   | Found Nubiunev's Distillery.
 18518 | Bazaar   | Found Liap's Armour Shoppe.
 18519 | Bazaar   | Found Gemotiz's Antique Armour Shop.
 18519 | Bazaar   | Found Qujodd's Antique Armour Emporium.
 18562 | Bazaar   | Bought a pair of translucent gloves for 313 gold pieces
 18562 | Bazaar   | Identified the +2 pair of gloves of Jifyh {rC+ Str+4} (You
                  | bought it in a shop in a bazaar)
 18578 | Bazaar   | Bought a faintly glowing scale mail for 207 gold pieces
 18578 | Bazaar   | Identified the +0 scale mail of Omission {rN+ Str+2} (You
                  | bought it in a shop in a bazaar)
 18587 | Bazaar   | Bought a potion of cancellation for 48 gold pieces
 18587 | Bazaar   | Bought a potion of curing for 18 gold pieces
 18587 | Bazaar   | Bought a potion of curing for 18 gold pieces
 18587 | Bazaar   | Bought a potion of magic for 48 gold pieces
 18598 | Bazaar   | Bought a +1 helmet of intelligence for 165 gold pieces
 18717 | D:13     | Found a gate to the Vaults.
 18881 | D:13     | Reached skill level 10 in Dodging
 19087 | Orc:1    | Entered Level 1 of the Orcish Mines
 19413 | Orc:2    | Entered Level 2 of the Orcish Mines
 19413 | Orc:2    | Noticed Josephine
 19416 | Orc:2    | Killed Josephine
 19457 | Orc:2    | Found a staircase to the Elven Halls.
 19650 | D:10     | Bought the +3 hat of Pondering {ponderous, Will+ MP+10
                  | Int+5} for 381 gold pieces
 19650 | D:10     | Found the +3 hat of Pondering {ponderous, Will+ MP+10
                  | Int+5}
 19970 | Orc:2    | Found Megeig's Armour Shop.
 19970 | Orc:2    | Found Kefiy's Book Emporium.
 19970 | Orc:2    | Found Riyqeike's Distillery.
 19973 | Orc:2    | Found Yngodat's Book Boutique.
 20258 | Orc:2    | Bought a potion of mutation for 120 gold pieces
 20657 | D:14     | Found a glowing golden altar of the Shining One.
 21527 | D:15     | Entered Level 15 of the Dungeon
 21647 | D:15     | Reached XP level 16. HP: 114/133 MP: 22/22
 21729 | D:15     | Found a gate leading to a gauntlet.
 21741 | Gauntlet | Entered a Gauntlet
 21741 | Gauntlet | Found a transporter.
 21744 | Gauntlet | Found a transporter.
 21746 | Gauntlet | Found a transporter.
 21747 | Gauntlet | Found a transporter.
 21764 | Gauntlet | Found a transporter.
 21765 | Gauntlet | Found a transporter.
 21765 | Gauntlet | Found a runed translucent door.
 21765 | Gauntlet | Found a transporter.
 21777 | Gauntlet | Found a transporter.
 21779 | Gauntlet | Found a transporter.
 21780 | Gauntlet | Found a transporter.
 21791 | Gauntlet | Found a transporter.
 21797 | Gauntlet | Found a transporter.
 21798 | Gauntlet | Found a transporter.
 21807 | Gauntlet | Found a transporter.
 22021 | Gauntlet | Reached skill level 15 in Fighting
 22050 | Gauntlet | Got Geukkuza's Encyclopedia of the Rallied Tincture
 22122 | Gauntlet | Got the Cyclopedia of Breath and Iosis
 22128 | Gauntlet | Learned a level 4 spell: Dimensional Bullseye
 22225 | D:15     | Acquired a +2 longbow of freezing
 22322 | D:15     | Found a staircase to the Depths.
 22401 | D:15     | Found a blossoming altar of Fedhas.
 22809 | D:15     | Reached skill level 1 in Hexes
 22969 | D:15     | Learned a level 1 spell: Apportation
 23159 | Swamp:1  | Entered Level 1 of the Swamp
 23274 | Swamp:1  | Reached skill level 5 in Hexes
 23947 | Swamp:2  | Reached XP level 17. HP: 144/144 MP: 23/23
 24138 | Swamp:2  | Identified the storm talisman "Fuimusev" {Will+}
 24587 | Swamp:3  | Learned a level 2 spell: Blink
 25063 | Swamp:4  | Entered Level 4 of the Swamp
 25316 | Swamp:4  | Reached skill level 10 in Invocations
 25439 | Swamp:4  | Identified the maw talisman of Vilium {rPois rF++}
 25718 | Swamp:4  | Got a decaying rune of Zot
 25950 | Spider:1 | Entered Level 1 of the Spider Nest
 26148 | Spider:1 | Reached skill level 10 in Armour
 26713 | Spider:1 | Reached XP level 18. HP: 151/151 MP: 25/25
 27114 | Spider:2 | Reached skill level 1 in Evocations
 27424 | Spider:2 | Reached skill level 5 in Evocations
 28256 | Spider:3 | Noticed Azrael
 28262 | Spider:3 | Killed Azrael
 28518 | Spider:4 | Entered Level 4 of the Spider Nest
 29024 | Spider:4 | Reached XP level 19. HP: 118/157 MP: 13/28
 29288 | Spider:4 | Identified the +0 hat "Ycky" {+Inv Regen+ Str+3 Int-4}
 29431 | Spider:4 | Got a gossamer rune of Zot
 29651 | Spider:4 | Reached skill level 10 in Stealth
 30083 | Elf:1    | Entered Level 1 of the Elven Halls
 30085 | Elf:1    | Paralysed by an air elemental for 1 turns
 30770 | Elf:1    | Paralysed by an air elemental for 1 turns
 31104 | Elf:2    | Found a huge runed translucent gate.
 31104 | Elf:2    | Found a huge runed translucent gate.
 31104 | Elf:2    | Found a huge runed translucent gate.
 31104 | Elf:2    | Found a huge runed translucent gate.
 31110 | Elf:2    | Found a huge runed translucent gate.
 31181 | Elf:2    | Found Plog's Weapon Boutique.
 31607 | Elf:3    | Entered Level 3 of the Elven Halls
 32122 | Elf:3    | Found the +6 arbalest "Damnation" {damnation}
 32338 | Elf:3    | Identified the +3 leather armour of a Thousand Friends
                  | {rCorr MP+9 Str-3 SInv}
 32398 | Elf:3    | Reached XP level 20. HP: 132/168 MP: 29/29
 32500 | Elf:3    | Identified the +3 ring mail "Xixiv Ineku" {Rampage rElec
                  | rN++ Dex-3 Stlth-}
 32641 | Elf:3    | Identified the amulet of Jamys {RegenMP rF+ rC+ Int-2
                  | Dex+3}
 32656 | Elf:3    | Found the +5 Storm Queen's Shield {shock, Fly rElec}
 32680 | Elf:3    | Identified the +0 dagger "Puhin" {freeze, rCorr Int-2 Dex+4
                  | Stlth+}
 32683 | Elf:3    | Got the Codex of Diablerie
 32710 | Elf:3    | Reached skill level 15 in Armour
 33016 | Vaults:1 | Entered Level 1 of the Vaults
 33137 | Vaults:1 | Found Tiqic's Weapon Boutique.
 33690 | Vaults:1 | Reached skill level 15 in Dodging
 34338 | Vaults:2 | Noticed Jory
 34602 | Vaults:2 | Killed Jory
 34888 | Vaults:2 | Noticed Asterion
 34895 | Vaults:2 | Killed Asterion
 35521 | Vaults:2 | Reached XP level 21. HP: 182/182 MP: 30/30
 35920 | Vaults:3 | Found Hetarytt's Antique Armour Boutique.
 35952 | Vaults:3 | Bought a shimmering ring mail for 270 gold pieces
 35952 | Vaults:3 | Identified the +0 ring mail "Caonaid" {Int+2 Dex+5 Stlth+}
                  | (You bought it in a shop on level 3 of the Vaults)
 35952 | Vaults:3 | Bought a smoking cloak for 285 gold pieces
 35952 | Vaults:3 | Identified the +0 cloak "Wuzud" {Dex+2 SInv} (You bought it
                  | in a shop on level 3 of the Vaults)
 35963 | Vaults:3 | Found a staircase to the Crypt.
 36000 | Vaults:3 | Identified the +2 robe of Charity {Fly rF- rN++ Dex+5}
 36000 | Vaults:3 | Noticed Boris
 36008 | Vaults:3 | Killed Boris
 36232 | Vaults:3 | Identified the +5 rapier of Mana {heavy, Str+2}
 36289 | Vaults:3 | You fall into a shaft and drop 1 floor!
 37110 | Vaults:4 | Noticed Mara
 37112 | Vaults:4 | Noticed jagoly's illusion
 37119 | Vaults:4 | Killed Mara
 37190 | Vaults:4 | Reached XP level 22. HP: 124/190 MP: 31/31
 37409 | Vaults:4 | Acquired the amulet of Voamyate {Acrobat Harm ^Drain rElec
                  | Regen+ Dex+3}
 37999 | Crypt:1  | Entered Level 1 of the Crypt
 39497 | Crypt:3  | Entered Level 3 of the Crypt
 39497 | Crypt:3  | Identified the orb of Evolution {*channel, Earth}
 39497 | Crypt:3  | Noticed Frederick
 39504 | Crypt:3  | Killed Frederick
 39710 | Crypt:3  | Found a staircase to the Tomb.
 39831 | Crypt:3  | Reached XP level 23. HP: 155/196 MP: 32/32
 40037 | Crypt:3  | Found a basalt altar of Yredelemnul.
 40047 | Crypt:3  | Noticed a curse toe
 40051 | Crypt:3  | Killed a curse toe
 40067 | Crypt:3  | Found an ancient bone altar of Kikubaaqudgha.
 40120 | Crypt:3  | Identified the ring "Xeigiod" {rElec rN+ Str+6 Slay-5}
 40120 | Crypt:3  | Identified the amulet of Pocvorhu {rPois Regen+}
 40120 | Crypt:3  | Identified the ring of Saamo {rN+ Stlth+}
 40138 | Crypt:3  | Got the Annotations on Shades
 40140 | Crypt:3  | Identified the +2 robe of the Lich-sworn {Rampage rF++
                  | Will- Regen+}
 40365 | Crypt:3  | Identified the +3 ring mail of the Kangaroo {-Tele Str+3
                  | Int+5}
 40899 | Slime:1  | Entered Level 1 of the Pits of Slime
 41025 | Slime:5  | Entered Level 5 of the Pits of Slime
 41396 | Slime:5  | Found a viscous altar of Jiyva.
 41415 | Slime:5  | Noticed the Royal Jelly
 41420 | Slime:5  | Killed the Royal Jelly
 41552 | Slime:5  | Got Washroiw's Handbook of Ice
 41553 | Slime:5  | Identified the +0 leather armour "Voteerr" {Dex+3}
 41562 | Slime:5  | Identified the +2 arbalest of the Well-Known Towns {elec,
                  | Dex+5}
 41568 | Slime:5  | Got a slimy rune of Zot
 41570 | Slime:5  | Identified the death talisman of the Five Nightingales
                  | {Will+ Int+2}
 42007 | Depths:1 | Entered Level 1 of the Depths
 42087 | Depths:1 | Found Miaqicyg's Book Emporium.
 42173 | Depths:1 | Reached XP level 24. HP: 164/204 MP: 33/33
 42505 | Depths:1 | Found a one-way gate to the infinite horrors of the Abyss.
 42537 | Depths:1 | Found a gateway to Hell.
 42559 | Depths:1 | Found Luqu's Jewellery Shop.
 42560 | Depths:1 | Found Vex Olig's Book Emporium.
 42562 | Depths:1 | Found Bepp's Jewellery Shop.
 42867 | Depths:2 | Found a one-way gate leading to the halls of Pandemonium.
 43364 | Depths:2 | Identified the +1 leather armour of Zoodwesm {rCorr Dex+4
                  | Stlth+}
 43378 | Depths:2 | Identified the ring of the Firefly {^Drain rPois rN+++
                  | Str-5 Int+3}
 43390 | Depths:2 | Identified the +8 trident "Bufebine" {venom, rPois rC-
                  | Str+8}
 43393 | Depths:2 | Noticed a caustic shrike
 43548 | Depths:2 | Killed a caustic shrike
 43612 | Depths:2 | Noticed a caustic shrike
 43913 | Depths:2 | Killed a caustic shrike
 43913 | Depths:2 | Noticed a caustic shrike
 43919 | Depths:2 | Killed a caustic shrike
 43965 | Depths:2 | Found a one-way gateway to a ziggurat.
 44333 | Depths:3 | Reached skill level 10 in Evocations
 44414 | Depths:3 | Found a runed translucent gate.
 44415 | Depths:3 | Found a runed translucent gate.
 44416 | Depths:3 | Found a runed translucent gate.
 44505 | Depths:3 | Reached XP level 25. HP: 217/217 MP: 33/33
 44918 | Depths:3 | Got the Teachings on Erosion and the Tesseract
 44993 | Depths:3 | Noticed a dread lich
 44993 | Depths:3 | Noticed Tazok's ghost (veteran MiCA)
 45004 | Depths:3 | Killed a dread lich
 45005 | Depths:3 | Reached skill level 15 in Invocations
 45017 | Depths:3 | Killed Tazok's ghost
 45257 | Depths:4 | Entered Level 4 of the Depths
 45469 | Depths:4 | Identified the +0 pair of gloves "Xasuew" {rC+ Str+2 Dex+3
                  | Stlth-}
 45523 | Depths:4 | Noticed Parghit
 45531 | Depths:4 | Killed Parghit
 45618 | Depths:4 | Found a gate to the Realm of Zot.
 46370 | Vaults:5 | Entered Level 5 of the Vaults
 46462 | Vaults:5 | Noticed an ancient lich
 46470 | Vaults:5 | Reached skill level 10 in Translocations
 46470 | Vaults:5 | Reached XP level 26. HP: 122/224 MP: 27/35
 46472 | Vaults:5 | Noticed an ancient lich
 46595 | Vaults:5 | Killed an ancient lich
 46830 | Vaults:5 | Killed an ancient lich
 47214 | Vaults:5 | Noticed an ancient lich
 47218 | Vaults:5 | Killed an ancient lich
 47242 | Vaults:5 | Noticed a dread lich
 47253 | Vaults:5 | Killed a dread lich
 47269 | Vaults:5 | Identified the +2 flail "Ahogaeh" {drain, ^Contam *Rage
                  | rF++ rCorr}
 47604 | Vaults:5 | Got a silver rune of Zot
 47607 | Vaults:5 | Identified the +7 mace "Hehozilo" {flame, MP+9 Str+3 Dex+5}
 47627 | Vaults:5 | Identified the +8 arbalest of Wondrous Power {heavy, rF+
                  | Str+2 Dex+2}
 47771 | Vaults:5 | Found Dujueshopsi's Distillery.
 47843 | Vaults:5 | Got the Omnibus of the Subterranean Salamander
 47985 | Vaults:5 | Found Buqeu's Magic Scroll Shoppe.
 48171 | Vaults:5 | Bought a potion of curing for 54 gold pieces
 48171 | Vaults:5 | Bought 2 potions of curing for 108 gold pieces
 48171 | Vaults:5 | Bought a potion of enlightenment for 90 gold pieces
 48171 | Vaults:5 | Bought a potion of mutation for 144 gold pieces
 48171 | Vaults:5 | Bought a potion of curing for 54 gold pieces
 48171 | Vaults:5 | Bought a potion of resistance for 180 gold pieces
 48171 | Vaults:5 | Bought a potion of curing for 54 gold pieces
 48182 | Vaults:5 | Bought a scroll of fear for 84 gold pieces
 48420 | D:8      | Bought a scroll of blinking for 97 gold pieces
 48518 | Orc:2    | Bought 2 potions of curing for 90 gold pieces
 48518 | Orc:2    | Bought a potion of curing for 45 gold pieces
 48518 | Orc:2    | Bought a potion of resistance for 150 gold pieces
 48754 | Depths:1 | Bought the ring of the Present {rF- rC++ Int+6 Dex+3
                  | Stlth+} for 1001 gold pieces
 48798 | Depths:1 | Voluntarily entered the Abyss.
 49173 | Depths:1 | Escaped the Abyss
 49175 | Depths:1 | Voluntarily entered the Abyss.
 49209 | Abyss:2  | Found a corrupted altar of Lugonu.
 49237 | Abyss:2  | Found a corrupted altar of Lugonu.
 49237 | Abyss:2  | Found a corrupted altar of Lugonu.
 49237 | Abyss:2  | Found a corrupted altar of Lugonu.
 49242 | Abyss:2  | Gained mutation: Armour fits poorly on your strangely
                  | shaped body. [a shining eye]
 49286 | Abyss:2  | Found a huge runed translucent gate.
 49287 | Abyss:2  | Found a huge runed translucent gate.
 49288 | Abyss:2  | Found a huge runed translucent gate.
 49289 | Abyss:2  | Found a huge runed translucent gate.
 49290 | Abyss:2  | Found a huge runed translucent gate.
 49587 | Abyss:3  | Got an abyssal rune of Zot
 49591 | Depths:1 | Escaped the Abyss
 49592 | Depths:1 | Lost mutation: Armour fits poorly on your strangely shaped
                  | body. [potion of mutation]
 49592 | Depths:1 | Gained mutation: You have hidden genetic potential. [potion
                  | of mutation]
 49592 | Depths:1 | Gained mutation: You are robust. (+10% HP) [potion of
                  | mutation]
 49621 | Zig:1    | Entered Level 1 of a ziggurat
 49640 | Zig:2    | Entered Level 2 of a ziggurat
 49658 | Zig:3    | Entered Level 3 of a ziggurat
 49697 | Zig:4    | Entered Level 4 of a ziggurat
 49725 | Zig:5    | Entered Level 5 of a ziggurat
 49725 | Zig:5    | Found the ring of the Octopus King
 49753 | Zig:5    | Identified a ring of the Octopus King {Fly HP+2 AC+2 EV+2
                  | SH+2}
 49757 | Zig:5    | Identified the +9 sling "Kiqufrop" {elec, rElec Will- rCorr
                  | Stlth+}
 49763 | Zig:6    | Entered Level 6 of a ziggurat
 49764 | Zig:6    | Noticed a Killer Klown
 49767 | Zig:6    | Killed a Killer Klown
 49770 | Zig:6    | Noticed Zoff the pandemonium lord
 49775 | Zig:6    | Killed Zoff the pandemonium lord
 49776 | Zig:6    | Reached XP level 27. HP: 254/254 MP: 37/37
 49838 | Zig:6    | Identified the +1 leather armour "Fuewub" {rElec Slay+2}
 49849 | Depths:2 | Acquired the ring "Kyqamos" {Fly rC+ rN+ Str-5 Int+2}
 49850 | Depths:2 | Acquired 354 gold pieces
 49851 | Depths:2 | Acquired 527 gold pieces
 50043 | Zot:1    | Entered Level 1 of the Realm of Zot
 51930 | Zot:3    | Identified the ring "Kecueghaihu" {Dex+6 Slay+2}
 52287 | Zot:3    | Noticed an orb of fire
 52289 | Zot:3    | Gained mutation: Your health recovers twice as slowly from
                  | being drained. [an orb of fire]
 52296 | Zot:3    | Killed an orb of fire
 52616 | Zot:4    | Gained mutation: Your natural rate of healing is unusually
                  | fast. [hidden potential]
 53082 | Zot:5    | Entered Level 5 of the Realm of Zot
 54064 | Zot:5    | Noticed an orb of fire
 54065 | Zot:5    | Lost mutation: You are robust. (+10% HP) [an orb of fire]
 54067 | Zot:5    | Gained mutation: You are clumsy. (Dex -2) [an orb of fire]
 54068 | Zot:5    | Killed an orb of fire
 54070 | Zot:5    | Noticed an orb of fire
 54073 | Zot:5    | Killed an orb of fire
 54302 | Zot:5    | Noticed an ancient lich
 54303 | Zot:5    | Killed an ancient lich
 54310 | Zot:5    | Noticed an orb of fire
 54321 | Zot:5    | Killed an orb of fire
 54331 | Zot:5    | Gained mutation: Your muscles are strong. (Str +4, Int/Dex
                  | -1) [hidden potential]
 54331 | Zot:5    | Lost mutation: You have hidden genetic potential. [hidden
                  | potential expressed]
 54636 | Zot:5    | Got the Orb of Zot
 54970 | D:12     | Noticed Wepez the pandemonium lord
 54976 | D:12     | Killed Wepez the pandemonium lord
 55212 | D:$      | Escaped with the Orb!

Illustrated notes

Levels and vault maps discovered:
D:1:      minmay_arrival_jagged, layout_rooms, minmay_cut_off
D:2:      layout_basic, hex_large, minmay_tripent, uniq_natasha
D:3:      layout_basic, mainiacjoe_overflow_divided_tiny,
          shapermc_ecumenical_altar_ellora, gammafunk_ghost_nasty_kobolds,
          grunt_decor_arrowhead, uniq_terence, uniq_robin, uniq_jessica,
          uniq_crazy_yiuf_cottage
D:4:      layout_gridville, elyvilon_altar_4, st_stairs_12,
          minmay_strange_pillars, minmay_misc_feat_plants
D:5:      minmay_octagon_keep, layout_loops_ring, nzn_wu_jian_council_hall,
          minmay_temple_entry_large_hall, serial_shops, shop, uniq_pikel,
          uniq_grinder
D:6:      layout_loops_ring
D:7:      layout_loops_ring
D:8:      layout_basic, nicolae_qazlal_style_of_elements,
          mainiacjoe_overflow_small_starburst, mainiacjoe_overflow_alcove_1,
          marbit_many_paths, serial_shops, nicolae_shop_back_alley_shop,
          corexii_leaking_fountain, nicolae_concentric_dashed_squares_wild,
          minmay_misc_feat_five, nicolae_zig_zag_zippers, uniq_maggie, uniq_grum
D:9:      layout_irregular_city, serial_shops, nicolae_shop_behind_doors, shop,
          serial_park_tiny_pond, evilmike_butchery, uniq_jeremiah
D:10:     layout_stronghold, grunt_temple_overflow_holy_war, erik_orc_4,
          minmay_shop_chei, nicolae_diode_quadrants
D:11:     layout_cave_pools, lair_entry_dummy
D:12:     layout_loops_ring, portal_ice_cave_entry_ice_simulacra, minivault_26
D:13:     layout_roguey, lightli_vaults_fourway_checkpoint, serial_shops,
          bzr_entry_safe
D:14:     layout_layer_cave, tso_metal_star
D:15:     hellmonk_depths_entry_around_the_bend, layout_loops_ring,
          fedhas_altar_4, gauntlet_entry_generic, minivault_16, worms_lemuel
Temple:   minmay_temple_forest_path
Lair:1:   layout_chaotic_city, grunt_megastairs_3
Lair:2:   layout_regular_city, minmay_swamp_entry_swarm, eino_house_with_fridge
Lair:3:   layout_regular_city, nicolae_spider_entry_tight_spaces,
          lemuel_fruit_fields
Lair:4:   layout_cave_pods, st_stairs_8, serial_bayou_pond_b, grunt_megastairs_2
Lair:5:   cheibrodos_lair_end_hotspot, layout_long_grid, slime_entry_1,
          st_stairs_3
Swamp:1:  layout_falls_marsh, evilmike_swamp_ruin_house_3
Swamp:2:  layout_falls_marsh, evilmike_swamp_ruin_house_2, swamp_pool_4,
          st_shrine_of_shade, nicolae_swamp_tree_isthmus
Swamp:3:  nicolae_swamp_standing_stones, layout_basic_swamp,
          evilmike_swamp_ruin_rubble_2, infiniplex_staircase_pool
Swamp:4:  swamp, layout_basic_swamp
Spider:1: layout_chambers
Spider:2: spiders_nest_a
Spider:3: layout_spider_delve, uniq_azrael
Spider:4: grunt_spider_rune_circles, nicolae_spider_twisty_arc_passages
Slime:1:  layout_caves, nicolae_slime_getting_an_eyeful
Slime:2:  layout_caves
Slime:3:  cheibrodos_slime_lost_civilization_8, layout_caves
Slime:4:  layout_caves
Slime:5:  slime_pit_nicolae_trefoil
Orc:1:    layout_caves
Orc:2:    st_orc_rangers, layout_diamond_mine, uniq_josephine
Elf:1:    nicolae_elf_arrival_aired_out, layout_onion_city, minivault_11,
          serial_sigils_hangedman_carve
Elf:2:    elven_hall_of_blades_hangedman_alternative [grunt_blade_entry_basic],
          layout_gridlike, serial_shops, shop
Elf:3:    minmay_elf_hall, layout_gridlike, hellmonk_guarded_unrand_damnation
Vaults:1: vaults_room_door_ring, nicolae_vaults_trapezoid_layered, v_rooms_5,
          nicolae_vaults_tetromino_T_2, vaults_room_stairs_pillars,
          nicolae_vaults_mini_display_case, nicolae_vaults_closet_pinwheel_5,
          ontoclasm_vaults_fault, nicolae_vaults_weapon_check,
          nicolae_vaults_trapezoid_lopsided_3, nicolae_vaults_alarming,
          nicolae_vaults_gold_heap, nicolae_vaults_shrinking_rooms_2,
          layout_vaults_omnigrid, serial_shops, nicolae_shop_trees
Vaults:2: v_misc_9, vaults_room_boxed, nicolae_vaults_yaktaur_gun_rack,
          hangedman_surveillance_ring, nicolae_vaults_little_squares_5,
          vaults_standard_mumra_enter_the_diamond, nicolae_vaults_prndl,
          grunt_vaults_swirl, nicolae_vaults_closet_pinwheel_4,
          vaults_room_hallway, nicolae_vaults_little_squares_3,
          vaults_dpeg_hooks, layout_vaults_omnibox, uniq_jory, uniq_asterion
Vaults:3: minmay_crypt_entry_simple_plaza,
          vaults_standard_mumra_enter_the_diamond,
          nicolae_vaults_little_squares_2, nicolae_vaults_trapezoid_lopsided_4,
          vaults_dpeg_emergency_exit, grunt_vaults_hallway_long,
          nicolae_vaults_wrenched, nicolae_vaults_turnstiles, v_alt_pattern_6,
          nicolae_vaults_loss_of_containment, grunt_vaults_funnel, v_misc_22,
          nicolae_vaults_house_2, serial_ice_g, ontoclasm_vaults_eye,
          nicolae_vaults_double_plus_1, layout_vaults_big_room, serial_shops,
          shop, uniq_boris
Vaults:4: dpeg_vaults_pockets_of_resistance, v_misc_28,
          vaults_mumra_minichess_inversion, vaults_room_grid,
          nicolae_vaults_closet_pinwheel_5, hangedman_vaults_snaps,
          nicolae_vaults_cornered_office, nicolae_vaults_offset_grid_hallway_1,
          vaults_mumra_hexcomb, nicolae_vaults_tetromino_Z_2,
          layout_vaults_omnicross, uniq_mara
Vaults:5
Crypt:1:  layout_chaotic_city
Crypt:2:  layout_misc_corridors
Crypt:3:  lightli_unholy_cathedral, layout_chaotic_city,
          nicolae_tomb_entry_grand_gallery, item_on_display_a, uniq_frederick
Depths:1: layout_gridlike, hell_entry, serial_shops, nicolae_shop_waterfront,
          abyss_entry, nicolae_the_louvre, minmay_shop_grove
Depths:2: grunt_runaround [grunt_runaround_loot, grunt_runaround_doors_1,
          grunt_runaround_doors_2, grunt_runaround_doors_3,
          grunt_runaround_doors_4], hell_entry, pan_entry, uniq_josephina
Depths:3: dreamdust_isle_of_ice, layout_gridville, gammafunk_ghost_necromancy,
          hell_entry, minmay_misc_feat_tower, minmay_room_of_horrors,
          grunt_ministairs_6, infiniplex_staircase_spiral_double
Depths:4: grunt_zot_entry_alcove, layout_cave_shapes, abyss_entry,
          nicolae_hexahallways, hell_entry, eino_curves_04, uniq_parghit,
          uniq_grunn
Zot:1:    layout_cathedral_of_symmetry, grunt_megastairs_4
Zot:2:    layout_gridlike
Zot:3:    layout_basic, st_stairs_3
Zot:4:    layout_misc_corridors, regret_index_zotdec_bone_old
Zot:5:    layout_gridlike

Skill      XL: |  1  2  3  4  5  6  7  8  9 10 11 12 13 14 15 16 17 18 19 20 21 22 23 24 25 26 27 |
---------------+----------------------------------------------------------------------------------+-----
Stealth        | 2 3 4 6 7 10 12 | 12.0
Ice Magic      | 5 6 8 |  8.0
Spellcasting   | 3 4 |  4.0
Dodging        | 3 6 9 12 14 16 18 | 18.0
Fighting       | 3 4 8 9 12 14 16 17 19 20 22 | 22.0
Ranged Weapons | 3 7 11 12 14 17 18 19 20 22 25 26 | 26.0
Armour         | 5 6 8 12 14 16 18 20 | 20.0
Invocations    | 6 8 9 10 12 14 17 20 26 | 26.7
Conjurations   | 3 5 6 |  6.0
Translocations | 3 5 8 10 | 10.0
Hexes          | 5 6 |  6.0
Evocations     | 8 11 12 | 12.0

Action                     |  1- 3 |  4- 6 |  7- 9 | 10-12 | 13-15 | 16-18 | 19-21 | 22-24 | 25-27 || total
---------------------------+-------+-------+-------+-------+-------+-------+-------+-------+-------++-------
  Melee: War axe           |       |       |       |     7 |       |       |       |       |       ||     7
   Fire: Sling             |    29 |    76 |       |       |       |       |       |       |       ||   105
         Orcbow            |       |    10 |   237 |    32 |       |       |       |       |       ||   279
         Arbalest          |       |       |       |   351 |   878 |    67 |   641 |   185 |    20 ||  2142
         Longbow           |       |       |       |       |       |  1232 |   315 |       |       ||  1547
         Triple crossbow   |       |       |       |       |       |       |       |   745 |  1195 ||  1940
  Throw: Dart              |       |       |       |       |       |     3 |       |     2 |       ||     5
         Throwing net      |       |       |       |       |       |       |       |     1 |       ||     1
   Cast: Freeze            |    17 |    27 |    50 |    26 |     6 |       |       |       |       ||   126
         Frozen Ramparts   |     1 |    11 |    30 |    34 |    38 |    29 |     5 |     1 |     1 ||   150
         Ozocubu's Armour  |       |     1 |    10 |    27 |    27 |    39 |     4 |     5 |     3 ||   116
         Dimensional Bulls |       |       |       |       |       |     2 |     4 |     5 |     6 ||    17
         Iskenderun's Myst |       |       |       |       |       |    18 |       |     2 |       ||    20
         Blink             |       |       |       |       |       |       |       |     1 |       ||     1
         Apportation       |       |       |       |       |       |       |       |       |     4 ||     4
 Invoke: Bend Time         |       |       |       |       |     1 |       |       |       |       ||     1
         Slouch            |       |       |       |       |     4 |     7 |     4 |     9 |    21 ||    45
         Temporal Distorti |       |       |       |       |       |     1 |       |       |       ||     1
         Step From Time    |       |       |       |       |       |       |       |     1 |       ||     1
Ability: Hop               |       |     1 |       |     2 |     4 |     1 |     4 |     9 |     8 ||    29
  Evoke: Wand              |       |       |     1 |       |     4 |     1 |     3 |     1 |     1 ||    11
         Condenser vane    |       |       |       |       |     1 |       |       |       |     1 ||     2
    Use: Scroll            |       |       |     7 |    10 |    12 |     4 |     7 |     9 |    20 ||    69
         Potion            |       |       |       |       |       |     2 |     1 |       |     6 ||     9
 Armour: Robe              |     9 |    20 |    34 |    21 |   121 |    17 |       |       |       ||   222
         Steam dragon scal |       |       |       |    66 |    86 |       |       |       |       ||   152
         Swamp dragon scal |       |       |       |       |     3 |   348 |   185 |    98 |       ||   634
         Scale mail        |       |       |       |       |       |       |       |    83 |       ||    83
         Fire dragon scale |       |       |       |       |       |       |       |    17 |   276 ||   293
         Gold dragon scale |       |       |       |       |       |       |       |       |     1 ||     1
  Dodge: Dodged            |     6 |    41 |    98 |   217 |   551 |  1015 |   320 |   501 |   627 ||  3376
         Repelled          |       |       |       |       |       |       |     9 |    13 |    28 ||    50

Table legend: (Time is in decaauts)
 A = Elapsed time spent in this place.
 B = Non-inter-level travel time spent in this place.
 C = Inter-level travel time spent in this place.
 D = Time resting spent in this place.
 E = Time spent auto-exploring this place.
 F = Levels seen in this place.
 G = Mean time per level.
                   A        B        C        D        E       F      G
               +--------+--------+--------+--------+--------+-----+--------+
         Total | 102137 |  88248 |  13889 |   3443 |  67482 |  69 | 1480.2 |
       Dungeon |  25811 |  20097 |   5714 |    534 |  16008 |  15 | 1720.7 |
        Temple |      1 |      1 |      0 |      0 |      0 |   1 |    1.0 |
          Lair |  11632 |   9794 |   1838 |     88 |   8419 |   5 | 2326.4 |
         Swamp |   5366 |   5092 |    274 |     44 |   4281 |   4 | 1341.5 |
   Spider Nest |   7000 |   6529 |    471 |     83 |   5398 |   4 | 1750.0 |
    Slime Pits |   1451 |   1160 |    291 |    213 |    316 |   5 |  290.2 |
  Orcish Mines |   2771 |   2040 |    731 |     50 |   1658 |   2 | 1385.5 |
   Elven Halls |   5850 |   5351 |    499 |     43 |   4554 |   3 | 1950.0 |
        Vaults |  14120 |  12188 |   1932 |    971 |   8840 |   5 | 2824.0 |
         Crypt |   5355 |   5047 |    308 |    206 |   4095 |   3 | 1785.0 |
        Depths |   9011 |   7648 |   1363 |    404 |   5978 |   4 | 2252.8 |
           Zot |   9447 |   8983 |    464 |    428 |   7299 |   5 | 1889.4 |
         Abyss |   1679 |   1679 |      0 |      0 |     94 |   4 |  419.8 |
      Ziggurat |    341 |    341 |      0 |      0 |    176 |   6 |   56.8 |
        Bazaar |    188 |    188 |      0 |      0 |     70 |   1 |  188.0 |
      Ice Cave |   1384 |   1384 |      0 |    365 |    235 |   1 | 1384.0 |
      Gauntlet |    722 |    722 |      0 |     13 |     56 |   1 |  722.0 |
               +--------+--------+--------+--------+--------+-----+--------+

Top non-repeatable levels by time:
Vaults:2: 3455 daAuts
Vaults:5: 3102 daAuts
  Lair:5: 2712 daAuts
Depths:2: 2705 daAuts
Vaults:4: 2690 daAuts
   Zot:5: 2679 daAuts
    D:13: 2609 daAuts
    D:14: 2564 daAuts
    D:15: 2563 daAuts
   Elf:3: 2539 daAuts
  Lair:3: 2535 daAuts
Vaults:1: 2457 daAuts
Vaults:3: 2415 daAuts
Depths:1: 2398 daAuts
Spider:1: 2342 daAuts
